 Dungeon Crawl Stone Soup version 0.29-a0-266-gf56f883ddd (webtiles) character file.

Game seed: 7379395057083091227

7721 sokol815 the Basher (level 11, 0/64 HPs)
             Began as an Octopode Arcane Marksman on Mar 7, 2022.
             Slain by a yak (15 damage)
             ... on level 8 of the Dungeon.
             The game lasted 00:42:02 (11609 turns).

sokol815 the Basher (Octopode Arcane Marksman)     Turns: 11609, Time: 00:42:03

Health: 0/64       AC:  1    Str:  9    XL:     11   Next: 19%
Magic:  19/21      EV: 13    Int: 17    God:
Gold:   528        SH:  8    Dex: 16    Spells: 11/12 levels left

rFire   . . .      SeeInvis +   a - +2 whip (elec)
rCold   + . .      Faith    .   u - +3 buckler
rNeg    . . .      Spirit   .   (helmet restricted)
rPois   .          Reflect  .   x - amulet of regeneration
rElec   .          Harm     .   m - ring of magical power {MP+9}
rCorr   .          Rampage  .   C - ring of protection from cold {rC+, !d}
Will    .....                   n - ring of see invisible {sInv, !d}
Stlth   +++++.....              r - ring of flight {+Fly, !d}
HPRegen 1.00/turn               (no ring)
MPRegen 0.17/turn               (no ring)
                                (no ring)
                                (no ring)

@: flying
A: almost no armour, amphibious, 8 rings, camouflage 1, gelatinous body 1,
(nimble swimmer 1), tentacles
a: no special abilities


You were on level 8 of the Dungeon.
You visited 2 branches of the dungeon, and saw 10 of its levels.

You collected 888 gold pieces.
You spent 360 gold pieces at shops.

Inventory:

Hand Weapons
 a - a +2 whip of electrocution (weapon)
   (You took it off Pikel on level 5 of the Dungeon)
 b - a +1 hand crossbow of venom
 d - a +5 scimitar
   (You took it off a wight on level 8 of the Dungeon)
 o - a +0 dagger of holy wrath
   (You took it off a goblin on level 1 of the Dungeon)
 v - a +2 dagger of speed
   (You took it off an orc on level 9 of the Dungeon)
 w - a +1 vampiric spear
   (You found it on level 5 of the Dungeon)
Missiles
 c - 9 boomerangs
 f - 29 poisoned darts
 s - 236 stones
 t - 4 throwing nets {!d}
Armour
 u - a +3 buckler (worn)
   (You took it off a gnoll sergeant on level 5 of the Dungeon)
Jewellery
 h - an amulet of the acrobat
   (You found it on level 8 of the Dungeon)
 k - an amulet of reflection
   (You found it on level 5 of the Dungeon)
 m - a ring of magical power (left tentacle) {MP+9}
   (You found it on level 3 of the Dungeon)
 n - a ring of see invisible (on tentacle) {sInv, !d}
   (You found it on level 4 of the Dungeon)
 r - a ring of flight (on tentacle) {+Fly, !d}
   (You found it on level 6 of the Dungeon)
 x - an amulet of regeneration (around mantle)
   (You bought it in a shop on level 2 of the Dungeon)
 C - a ring of protection from cold (right tentacle) {rC+, !d}
   (You found it on level 3 of the Dungeon)
Wands
 j - a wand of polymorph (3)
   (You took it off Pikel on level 5 of the Dungeon)
 q - a wand of flame (44)
   (You took it off Maggie on level 8 of the Dungeon)
Scrolls
 l - a scroll of torment {!r}
 D - 2 scrolls of blinking {!r}
 V - 4 scrolls of vulnerability {!r!r}
 Y - 3 scrolls of teleportation {@r3}
Potions
 e - a potion of degeneration {unknown}
 g - a potion of ambrosia {unknown}
 i - 2 potions of magic
 p - 2 potions of attraction {unknown}
 B - 2 potions of brilliance
 J - 3 potions of curing {@q1}
 L - 2 potions of flight
 N - 3 potions of heal wounds {@q2}
 R - a potion of resistance
 T - 2 potions of berserk rage {!q}


   Skills:
 + Level 1.9 Fighting
 - Level 1.0 Short Blades
 * Level 10.2 Maces & Flails
 - Level 10.0 Crossbows
 + Level 2.6 Dodging
 - Level 10.0 Stealth
 - Level 4.0 Shields
 - Level 1.0 Spellcasting
 - Level 5.0 Hexes


You had 11 spell levels left.
You knew the following spells:

 Your Spells              Type           Power      Damage    Failure   Level
s - Slow                  Hex            68%        N/A       3%          1

Your spell library contained the following spells:

 Spells                   Type           Power      Damage    Failure   Level
 Freeze                   Ice            0%         1d3       26%         1
 Inner Flame              Hex/Fire       9%         N/A       28%         3
 Portal Projectile        Hex/Tloc       18%        N/A       28%         3
 Cause Fear               Hex            8%         N/A       34%         4
 Blink                    Tloc           0%         N/A       38%         2
 Frozen Ramparts          Ice            0%         1d2       63%         3
 Lesser Beckoning         Tloc           0%         N/A       63%         3
 Hailstorm                Conj/Ice       0%         3d3       95%         4
 Summon Ice Beast         Ice/Summ       0%         N/A       95%         4
 Summon Mana Viper        Hex/Summ       9%         N/A       95%         5
 Manifold Assault         Tloc           0%         N/A       100%        5
 Monstrous Menagerie      Summ           0%         N/A       100%        7


Dungeon Overview and Level Annotations

Branches:
Dungeon (9/15)             Temple (1/1) D:5
   Lair: D:8-11         Orc: D:9-12

Altars:
Ashenzari
Dithmenos
Elyvilon
Fedhas
Hepliaklqana
Kikubaaqudgha
Makhleb
Nemelex Xobeh
Okawaru
Qazlal
Ru
Sif Muna
Trog
Wu Jian
Xom
Zin
The Shining One

Shops:
D:2 =   D:8 !

Annotations:
D:8 2 transporters, exclusions: Maggie, vampire and wolf, Grum; indyram44's ghost, journeyman TrTm


Innate Abilities, Weirdness & Mutations

You cannot wear most types of armour.
You are amphibious.
You can wear up to eight rings at the same time.
Your skin changes colour to match your surroundings (Stealth+).
Your rubbery body absorbs attacks. (AC +1, EV +1)
((You are camouflaged when in or above water. (Stealth+)))
You have tentacles for arms and can constrict up to eight enemies at once.


Message History

a - a +2 whip of electrocution (weapon)
You hit the yak. You squeeze the yak, but do no damage. You hit the yak.
The yak gores you!
You take 10 damage, and have 53/63 hp.
You hit the yak. Your squeeze misses the yak.
You kill the yak!
Your Maces & Flails skill increases to level 10!
MP restored: 21 Your +2 whip of electrocution stops crackling.
Your +1 hand crossbow of venom begins to drip with poison!
b - a +1 hand crossbow of venom (weapon)
There is an open door, spattered with blood here.
You see here a yak corpse.
A two-headed ogre comes into view. It is wielding two +0 giant clubs.
Aim: a two-headed ogre, wielding two +0 giant clubs (asleep, chance to affect: 38%)
The two-headed ogre shouts in stereo!
The two-headed ogre seems to slow down.
You hear an angry hiss. x2
You now have 20/21 mp.
You shoot a bolt.
The bolt hits the two-headed ogre but does no damage.
You shoot a bolt. The bolt hits the two-headed ogre.
The two-headed ogre is poisoned.
You shoot a bolt. The bolt hits the two-headed ogre.
The two-headed ogre looks as sick as possible!
A yak comes into view.
You shoot a bolt. The yak bellows!
The bolt hits the two-headed ogre!
A water moccasin comes into view.
You shoot a bolt.
The bolt barely misses the two-headed ogre.
The water moccasin hisses angrily.
You hear an angry hiss.
You hear a bellow!
A basilisk comes into view.
MP restored: 21 You shoot a bolt.
The bolt hits the two-headed ogre!
Health restored: 63
There is an open door, spattered with blood here.
You see here a yak corpse.
You shoot a bolt. The bolt hits the two-headed ogre.
The two-headed ogre looks as sick as possible!
You kill the two-headed ogre!
Health restored: 64
There is an open door here.
The water moccasin attacks as you move away!
The water moccasin completely misses you.
The water moccasin misses you.
Your +1 hand crossbow of venom stops dripping with poison.
You hear the crackle of electricity.
a - a +2 whip of electrocution (weapon)
You barely miss the water moccasin. You grab the water moccasin.
Your squeeze misses the water moccasin. You constrict the water moccasin.
The water moccasin bites you!
You take 7 damage, and have 57/64 hp.
You hit the water moccasin.
Lightning courses through the water moccasin!
You squeeze the water moccasin. You constrict the water moccasin.
The water moccasin barely misses you.
You hit the water moccasin.
You constrict the water moccasin, but do no damage.
The water moccasin bites you!
You take 6 damage, and have 52/64 hp.
You hit the water moccasin but do no damage.
Lightning courses through the water moccasin!!
You kill the water moccasin!
The yak attacks as you move away! The yak gores you!
You take 7 damage, and have 47/64 hp.
The yak attacks as you move away! The yak misses you.
The yak attacks as you move away! The yak gores you!
You take 8 damage, and have 40/64 hp.
The yak attacks as you move away! The yak closely misses you.
The yak attacks as you move away! The yak gores you.
There is a stone staircase leading up here.
You take 4 damage, and have 38/64 hp.
The yak closely misses you.
You fly upwards.
Level annotation: 2 transporters, exclusions: Maggie, vampire and wolf, Grum; indyram44's ghost, journeyman TrTm
There is a stone staircase leading down here.
You regained 3 hp, and now have 41/64 hp.
The yak attacks as you move away! The yak gores you!
The yak snorts and paws the ground.
You take 8 damage, and have 38/64 hp.
The yak attacks as you move away! The yak gores you!
The yak snorts and paws the ground.
You take 8 damage, and have 30/64 hp.
Aim: a yak (chance to affect: 56%)
The yak resists with significant effort.
The yak gores you!
* * * LOW HITPOINT WARNING * * *
You take 11 damage, and have 19/64 hp.
You now have 20/21 mp.
Aim: a yak (chance to affect: 56%)
The yak seems to slow down.
You now have 19/21 mp.
You hit the yak. Your squeeze misses the yak. The yak gores you!
* * * LOW HITPOINT WARNING * * *
You take 7 damage, and have 13/64 hp.
You hit the yak. Lightning courses through the yak!
Your squeeze misses the yak. You hit the yak.
Lightning courses through the yak!! The yak gores you!
You die...

.....######.......##.# #.# ##.##
.###.# ##......##.# #.# #.# .#
#.## ##.....##.# #.# #.# .# #..##
##...###.# #.# #)#
.###...########..# #.####.## #)#
............).#..###.......###.#
.@.....######.#.<........#^....##
.###..>............=###....###.##
.....#.##...#.##@##.# #.#### #<##
.........>.....Y.##.# #.# #.##
#####..##...#.#.###.# #.# #.##
.## #..###.##.#.###.###.######.##
..# #..##......................##
#.###..##..##........###.....####
#...#..##..####.###..###......)..
###....##....................####
#...#.###.####..########.....#


You could see a yak (slow).

Vanquished Creatures
  2 two-headed ogres
  Pikel (D:5)
  Maggie (D:8)
  Prince Ribbit (D:9)
  11 yaks
  3 steam dragons (D:7)
  A water moccasin (D:9)
  2 black bears
  4 orc warriors
  A sky beast (D:6)
  2 ice beasts (D:7)
  3 ogres
  A centaur (D:7)
  A lemure (D:5)
  A kobold brigand (D:7)
  4 gnoll sergeants
  2 necrophages
  2 scorpions
  5 wights (D:8)
  6 howler monkeys
  7 hounds
  4 gnoll shamans
  A jelly (D:4)
  5 orc priests
  6 iguanas
  8 orc wizards
  23 gnolls
  12 adders
  A shadow imp (D:7)
  A white imp (D:8)
  An ufetubus (D:5)
  5 worms
  6 dart slugs
  31 orcs
  9 endoplasms
  4 giant cockroaches
  5 goblins
  6 hobgoblins
  A jackal (D:5)
  13 kobolds
  14 quokkas
  8 ball pythons
  6 bats
  3 frilled lizards
  9 rats
243 creatures vanquished.

Vanquished Creatures (others)
  A butterfly (D:7)
  25 fungi (D:7)
  91 plants
117 creatures vanquished.

Grand Total: 360 creatures vanquished

Notes
Turn   | Place    | Note
-------+----------+-------------------------------------------
     0 | D:1      | sokol815 the Octopode Arcane Marksman began the quest for
                  | the Orb.
     0 | D:1      | Reached XP level 1. HP: 13/13 MP: 2/2
   100 | D:1      | Reached XP level 2. HP: 15/18 MP: 3/3
   318 | D:1      | Reached skill level 3 in Crossbows
   870 | D:1      | Reached XP level 3. HP: 20/23 MP: 4/4
  1396 | D:2      | Reached skill level 4 in Crossbows
  1396 | D:2      | Reached XP level 4. HP: 16/28 MP: 5/5
  1589 | D:2      | Found Pyavvorph's Jewellery Shoppe.
  2267 | D:3      | HP: 6/28 [adder (2)]
  2269 | D:3      | Reached skill level 5 in Crossbows
  2546 | D:3      | Reached XP level 5. HP: 33/33 MP: 6/6
  2697 | D:3      | HP: 8/33 [constriction (1)]
  3144 | D:3      | Found a glowing golden altar of the Shining One.
  3279 | D:3      | Found a faded altar of an unknown god.
  3383 | D:4      | Noticed a black bear
  4049 | D:4      | Reached skill level 6 in Crossbows
  4049 | D:4      | Reached XP level 6. HP: 34/38 MP: 7/7
  4053 | D:4      | HP: 9/38 [iguana (12)]
  4531 | D:4      | HP: 8/38 [black bear (7)]
  4535 | D:4      | Killed a black bear
  4536 | D:4      | Reached skill level 7 in Crossbows
  4536 | D:4      | Reached XP level 7. HP: 22/43 MP: 8/8
  4820 | D:4      | Found a shimmering blue altar of Sif Muna.
  4869 | D:4      | Found a blossoming altar of Fedhas.
  4871 | D:4      | Reached skill level 8 in Crossbows
  5331 | D:5      | Entered Level 5 of the Dungeon
  5522 | D:4      | HP: 10/43 [ogre/+0 giant club (23)]
  6080 | D:5      | Noticed Pikel
  6126 | D:5      | Killed Pikel
  6127 | D:5      | Reached skill level 10 in Crossbows
  6127 | D:5      | Reached skill level 1 in Short Blades
  6127 | D:5      | Reached skill level 1 in Stealth
  6127 | D:5      | Reached XP level 8. HP: 48/48 MP: 9/9
  6296 | D:5      | Reached skill level 1 in Maces & Flails
  6296 | D:5      | Reached skill level 2 in Stealth
  6592 | D:5      | Reached skill level 2 in Maces & Flails
  6592 | D:5      | Reached skill level 3 in Stealth
  6830 | D:5      | Reached skill level 3 in Maces & Flails
  6943 | D:5      | Reached skill level 4 in Stealth
  7171 | D:5      | Reached XP level 9. HP: 49/53 MP: 10/10
  7217 | D:5      | Reached skill level 4 in Maces & Flails
  7322 | D:5      | Reached skill level 5 in Stealth
  7537 | D:5      | Found a stormy altar of Qazlal.
  7653 | D:5      | Found a staircase to the Ecumenical Temple.
  7663 | Temple   | Entered the Ecumenical Temple
  7862 | D:2      | Bought an amulet of regeneration for 360 gold pieces
  8070 | D:6      | Reached skill level 5 in Maces & Flails
  8261 | D:6      | Reached skill level 6 in Stealth
  8304 | D:6      | Reached skill level 4 in Hexes
  8329 | D:6      | Found a blossoming altar of Fedhas.
  8348 | D:6      | Reached skill level 6 in Maces & Flails
  9042 | D:7      | Noticed a two-headed ogre
  9050 | D:7      | Killed a two-headed ogre
  9051 | D:7      | Reached skill level 7 in Maces & Flails
  9051 | D:7      | Reached skill level 7 in Stealth
  9051 | D:7      | Reached XP level 10. HP: 58/58 MP: 11/11
  9150 | D:7      | Reached skill level 5 in Hexes
  9167 | D:7      | Reached skill level 1 in Shields
  9399 | D:7      | Found a white marble altar of Elyvilon.
  9445 | D:7      | Reached skill level 8 in Stealth
  9985 | D:7      | Reached skill level 2 in Shields
 10116 | D:8      | Reached skill level 8 in Maces & Flails
 10152 | D:8      | Found an ornate altar of the Wu Jian Council.
 10158 | D:8      | Noticed Grum
 10179 | D:8      | Noticed Maggie
 10341 | D:8      | Found a transporter.
 10344 | D:8      | Found Kaacif's Distillery.
 10352 | D:8      | Found a bloodstained altar of Trog.
 10367 | D:8      | Found a transporter.
 10368 | D:8      | Noticed a moth of wrath
 10369 | D:8      | Noticed indyram44's ghost (journeyman TrTm)
 10459 | D:8      | Killed Maggie
 10673 | D:8      | Reached skill level 3 in Shields
 10719 | D:8      | Reached skill level 9 in Stealth
 10725 | D:8      | Reached skill level 9 in Maces & Flails
 11411 | D:9      | Reached skill level 4 in Shields
 11416 | D:9      | Reached XP level 11. HP: 58/63 MP: 12/12
 11430 | D:9      | Noticed Prince Ribbit
 11440 | D:9      | Killed Prince Ribbit
 11490 | D:9      | Reached skill level 10 in Stealth
 11557 | D:9      | Reached skill level 10 in Maces & Flails
 11559 | D:9      | Noticed a two-headed ogre
 11574 | D:9      | Killed a two-headed ogre
 11607 | D:8      | HP: 13/64 [yak (7)]
 11609 | D:8      | Slain by a yak

Illustrated notes

Levels and vault maps discovered:
D:1:      nagdon_arrival_zigzag_paths, layout_rooms, amethyst_killhole,
          minmay_quantized
D:2:      layout_loops_ring, serial_shops, nicolae_shop_crystal,
          grunt_ministairs_11, minmay_tetromino_i4
D:3:      layout_rooms, nicolae_tso_swordbearing_angel, basic_ecumenical_altar,
          hangedman_abyss_or_decor_lesser_grid
D:4:      wad_woods_stonehenge, layout_basic, kennysheep_little_box,
          minmay_surrounded
D:5:      minmay_polygon_palace, layout_cave_pools,
          nicolae_qazlal_scattered_showers, minmay_temple_entry_poolview,
          serial_bayou_pond_a, nicolae_fountain_basement, uniq_pikel
D:6:      layout_loops_cross, kennysheep_mini
D:7:      kennysheep_steamy, layout_loops_ring, nicolae_elyvilon_peaceful_grove
D:8:      layout_loops_ring, overflow_temple_1_default,
          gammafunk_ghost_wrathful_warriors, serial_shops,
          nicolae_shop_advertising_works [nicolae_subvault_shop_adworks],
          uniq_grum, uniq_maggie
D:9:      layout_roguey, mainiacjoe_overflow_six_doors_small, vehumet_crystals,
          minmay_lair_entry_grove, st_stairs_2, uniq_prince_ribbit1
Temple:   jpeg_temple_clearing

Skill      XL: |  1  2  3  4  5  6  7  8  9 10 11 |
---------------+----------------------------------+-----
Crossbows      | 3 4 5 6 7 10 | 10.0
Short Blades   | 1 |  1.0
Stealth        | 1 4 7 9 10 | 10.0
Maces & Flails | 3 7 9 10 | 10.2
Hexes          | 4 5 |  5.0
Shields        | 4 |  4.0
Fighting       | |  1.9
Dodging        | |  2.6
Spellcasting   | |  1.0

Action                   |  1- 3 |  4- 6 |  7- 9 | 10-12 || total
-------------------------+-------+-------+-------+-------++-------
Melee: Dagger            |     7 |    40 |    18 |     5 ||    70
       Constrict         |     3 |    11 |    27 |    13 ||    54
       Tentacles         |     3 |     8 |    26 |    30 ||    67
       Punch             |       |     2 |     2 |     1 ||     5
       Whip              |       |       |    84 |   104 ||   188
 Fire: Hand crossbow     |    98 |   183 |   241 |   205 ||   727
 Cast: Slow              |       |     2 |    62 |    46 ||   110
  Use: Scroll            |       |     6 |     3 |     5 ||    14
       Potion            |       |     2 |       |     1 ||     3
 Stab: Sleeping          |       |       |     1 |       ||     1
Armor: Skin              |     2 |    15 |     2 |       ||    19
Dodge: Dodged            |    39 |    85 |    59 |    46 ||   229
Block: Other             |       |       |    11 |       ||    11
       Buckler           |       |       |     6 |    23 ||    29

Table legend: (Time is in decaauts)
 A = Elapsed time spent in this place.
 B = Non-inter-level travel time spent in this place.
 C = Inter-level travel time spent in this place.
 D = Time resting spent in this place.
 E = Time spent auto-exploring this place.
 F = Levels seen in this place.
 G = Mean time per level.
                   A        B        C        D        E       F      G
               +--------+--------+--------+--------+--------+-----+--------+
         Total |  11611 |  10948 |    663 |   3029 |   5600 |  10 | 1161.1 |
       Dungeon |  11515 |  10865 |    650 |   3029 |   5529 |   9 | 1279.4 |
        Temple |     95 |     82 |     13 |      0 |     71 |   1 |   95.0 |
               +--------+--------+--------+--------+--------+-----+--------+

Top non-repeatable levels by time:
     D:4: 2426 daAuts
     D:5: 1645 daAuts
     D:1: 1374 daAuts
     D:3: 1268 daAuts
     D:2: 1251 daAuts
     D:8: 1189 daAuts
     D:7: 1030 daAuts
     D:6: 1005 daAuts
     D:9: 324 daAuts
  Temple: 95 daAuts

Table legend:
 A = Kills in this place as a percentage of kills in entire the game.
 B = Kills by you in this place as a percentage of kills by you in the entire game.
 C = Kills by friends in this place as a percentage of kills by friends in the entire game.
 D = Other kills in this place as a percentage of other kills in the entire game.
 E = Experience gained in this place as a percentage of experience gained in the entire game.
 F = Experience gained in this place divided by the number of levels of this place that you have seen.
                   A       B       C       D       E      F
               +-------+-------+-------+-------+-------+----------------------
         Total | 100.0 | 100.0 |   N/A |   N/A | 100.0 | 1103.0
       Dungeon | 100.0 | 100.0 |   N/A |   N/A | 100.0 | 1225.6
               +-------+-------+-------+-------+-------+----------------------
